 BcadrenCrawl: Boulder Brew version 0.06-688-g08e91b2d95 (webtiles) character file.

Game seed: 17010184991173133830

75 pipel the Firebug (level 4, 0/4 HPs) Fairy Fire Elementalist. Began on Dec 24, 2022. Slain by a cinder newt (1 damage) ... on level 1 of the Dungeon. The game lasted 00:01:59 (198 turns).

pipel the Firebug (Fairy Fire Elementalist)          Turns: 198, Time: 00:02:00

Health: 0/4        AC:  0    Str:  2    XL:     4 ^: 88
Magic:  2/3        EV: 21    Int: 19    God:
Gold:   9          SH:  0    Dex: 17    Spells: 6/9 levels left

rFire    . . .     Slash    +   (no jewelry)
rCold    . . .     Pierce   +
rNeg     . . .     Bludgeon +
rCorr    . . .     Vision   .
rPois    .         Gourm    .
rElec    .         Faith    .
MR       .....     Spirit   .
HPRegen  0.11/turn Reflect  .
MPRegen  0.13/turn Harm     .
Stlth    +.........

@: glowing, slow
A: tiny, no armour or weapons, only one jewelry slot, no melee attacks, fairy
magic, fairy shield, decreased potion and divine healing, unfitting armour,
flight, slowness 1, fairy light 1, insubstantial
a: Fly


You were on level 1 of the Dungeon.
You were not hungry.

You visited 1 branch of the dungeon, and saw 1 of its levels.

You collected 9 gold pieces.

Inventory:

Scrolls
 c - 2 scrolls of teleportation
 d - a scroll of silence
 f - a scroll of summoning
Potions
 e - 2 potions of curing
Comestibles
 a - 11 chunks of flesh
 b - a ration


   Skills:
 + Level 3.3 Dodging
 - Level 1.4 Stealth
 + Level 3.4 Spellcasting
 + Level 4.6 Fire Magic


You had 6 spell levels left.
You knew the following spells:

 Your Spells              Type           Power        Failure   Level  Hunger
a - Foxfire               Fire           20 (25)      2%          1    0
b - Searing Ray           Fire           20 (50)      3%          2    14-54

Your spell library contained the following spells:

 Spells                   Type           Power        Failure   Level  Hunger
 Conjure Flame Fire 20 (100) 7% 3 54-114 Inner Flame Hex/Fire 12 (100) 17% 3 54-114 Sticky Flame Fire/Pois 12 (100) 50% 4 134-234 Fireball Fire           20 (200)     52%         5    254-414


Dungeon Overview and Level Annotations

Branches:
Dungeon (1/8)

Altars:


Innate Abilities, Weirdness & Mutations

You are too small to use any gear.
You can wear a single ring or amulet completely around your body.
You are incapable of melee of any kind.
Your magic reserves are extremely low but spells that normally cost one mana are free and all other spells cost one mana.
You are extremely frail but all attacks that strike you do exactly one damage.
The effect of potions and godly healing effects is reduced to match your tiny health and magic reserves.
You are able to fly continuously.
You cover ground slowly.
You exude a bright light in a small radius around yourself.
Your insubstantial form grants resistance to all physical attack and full immunity to sticky flames, nets and constriction. (rPhysical+)


Message History

The searing ray hits the hobgoblin (4).
The hobgoblin is severely wounded. (2/6) HP (Press . to maintain the ray.)
The hobgoblin hits you with a +0 club (3).
The searing ray hits the hobgoblin (2).
You kill the hobgoblin!
The searing ray hits the giant cockroach (4).
The giant cockroach is almost dead. (1/5) HP The giant cockroach bites you (3).
The searing ray hits the giant cockroach (7)!
You kill the giant cockroach!
You have reached level 4!
You feel clever.
The searing ray hits the cinder newt (7)!
The cinder newt partially resists.
The cinder newt is heavily wounded. (5/12) HP You finish channeling your searing ray.
The cinder newt bites you (2).
* * * LOW HITPOINT WARNING * * *
The cinder newt burns you (4).
You die...

..# #...........# l..... #.#
#...........# ...... #.#
#........÷..# #.."... #.#
#.>.........# ..).... ..##
#...........# ...?..$
...#######......#########†......
..........##...## #..l.....#
#..÷........##.######....###..s.
#..##'''##......@l)......+ .
#..#.....#.#.#######.....#
#..#..<..#.#.# #.....#
#..#.....#.#.# #.....#
...#.....#...# #.....#
...##+++##...# #.....#
.............# #.#+#...
..........##.# ..# ...#
###.####.###.# .## #.#


You could see a cinder newt.

Vanquished Creatures
  4 giant cockroaches (D:1)
  A cinder newt (D:1)
  A leopard gecko (D:1)
  A bat (D:1)
  A goblin (D:1)
  2 hobgoblins (D:1)
  2 kobolds (D:1)
  A rat (D:1)
13 creatures vanquished.

Vanquished Creatures (others)
  31 foxfires (D:1)
31 creatures vanquished.

Grand Total: 44 creatures vanquished

Notes
Turn   | Place    | Note
-------+----------+-------------------------------------------
     0 | D:1      | pipel the Fairy Fire Elementalist began the quest for the
                  | Orb.
     0 | D:1      | Reached XP level 1. HP: 3/3 MP: 3/3
    30 | D:1      | Reached XP level 2. HP: 2/3 MP: 3/3
    34 | D:1      | Learned a level 2 spell: Searing Ray
    54 | D:1      | Reached skill level 4 in Fire Magic
   154 | D:1      | Reached XP level 3. HP: 4/4 MP: 2/3
   198 | D:1      | Reached XP level 4. HP: 2/4 MP: 2/3
   198 | D:1      | Slain by a cinder newt

Illustrated notes

Levels and vault maps discovered:
D:1:      dpeg_arrival_windows_large_door, layout_basic, gup_sewer_entry_pipe

Skill      XL: |  1  2 |
---------------+-------+-----
Dodging        | 3 |  3.3
Spellcasting   | 3 |  3.4
Fire Magic     | 4 |  4.6
Stealth        | |  1.4

Action                   |  1- 3 |  4- 6 || total
-------------------------+-------+-------++-------
 Cast: Foxfire           |    20 |       ||    20
       Searing Ray       |     5 |       ||     5
Dodge: Dodged            |    10 |       ||    10
